 Dungeon Crawl Stone Soup version 0.28-a0-563-gf77a47075d (webtiles) character file.

Game seed: 400427262433092986

6727 BR41ND34D the Fighter (level 10, -6/86 HPs)
             Began as a Demonspawn Berserker on Sept 29, 2021.
             Was an Elder of Trog.
             Killed from afar by an electric eel (7 damage)
             ... with a bolt of electricity
             ... on level 10 of the Dungeon.
             The game lasted 00:43:13 (8810 turns).

BR41ND34D the Fighter (Demonspawn Berserker)        Turns: 8810, Time: 00:43:14

Health: -6/86      AC: 17    Str: 21      XL:     10   Next: 75%
Magic:  0/10       EV: 14    Int:  5 (8)  God:    Trog [****..]
Gold:   329        SH:  0    Dex: 13      Spells: 9/9 levels left

rFire   . . .      SeeInvis +   q - +1 rapier (venom)
rCold   . . .      Faith    .   (no shield)
rNeg    . . .      Spirit   +   r - +2 troll leather armour {Purgy}
rPois   .          Reflect  .   I - +0 helmet
rElec   .          Harm     .   D - +0 cloak {Stlth+}
rCorr   .          Rampage  .   k - +0 pair of gloves
Will    .....                   (no boots)
Stlth   +.........              z - amulet of guardian spirit
HPRegen 1.24/turn               u - ring of see invisible
MPRegen 0.12/turn               H - +4 ring of protection

@: lethally poisoned (-6 -> -8), on berserk cooldown, very slow
A: claws 2, yellow scales 1, spiny 1
a: Renounce Religion, Berserk, Trog's Hand, Brothers in Arms


You were on level 10 of the Dungeon.
You worshipped Trog.
Trog was greatly pleased with you.
You visited 2 branches of the dungeon, and saw 11 of its levels.

You collected 329 gold pieces.

Inventory:

Hand Weapons
 q - a +1 rapier of venom (weapon)
Missiles
 p - a boomerang
 s - 26 poisoned darts (quivered)
Armour
 k - a +0 pair of gloves (worn)
 r - a +2 troll leather armour (worn) {Purgy}
 D - a +0 cloak of stealth (worn)
 I - a +0 helmet (worn)
Jewellery
 u - a ring of see invisible (left hand)
 z - an amulet of guardian spirit (around neck)
 H - a +4 ring of protection (right hand)
Wands
 n - a wand of iceblast (12)
 w - a wand of paralysis (7)
 C - a wand of acid (19)
Scrolls
 c - 3 scrolls of teleportation
 g - 2 scrolls of fog
 i - 3 scrolls of immolation {unknown}
 j - a scroll of holy word {unknown}
 l - a scroll of identify
 o - 2 scrolls of magic mapping {unknown}
 t - 2 scrolls of blinking {unknown}
 v - 2 scrolls of vulnerability {unknown}
 B - a scroll of noise {unknown}
 F - a scroll of summoning {unknown}
 K - a scroll of enchant weapon {unknown}
 M - a scroll of brand weapon {unknown}
Potions
 a - 2 potions of brilliance {unknown}
 b - 3 potions of flight
 d - a potion of mutation {unknown}
 e - 5 potions of curing
 f - a potion of haste {unknown}
 h - a potion of might
 m - a potion of lignification {unknown}
 x - a potion of ambrosia {unknown}
 A - 2 potions of resistance
 E - 2 potions of heal wounds


   Skills:
 * Level 10.9 Fighting
 + Level 7.3 Long Blades
 + Level 7.0 Armour
 + Level 7.0 Dodging


You had 9 spell levels left.
You didn't know any spells.
Your spell library contained the following spells:

 Spells                   Type           Power      Damage    Failure   Level
 Magic Dart               Conj           0%         1d3       52%         1
 Corpse Rot               Necr/Air       N/A        N/A       67%         2
 Poisonous Vapours        Pois/Air       0%         N/A       67%         2
 Sublimation of Blood     Necr           0%         N/A       67%         2
 Wereblood                Tmut           0%         N/A       67%         2
 Summon Guardian Golem    Hex/Summ       0%         N/A       88%         3
 Cause Fear               Hex            0%         N/A       99%         4
 Fulminant Prism          Conj/Hex       0%         3d6       99%         4
 Iskenderun's Mystic Bla  Conj/Tloc      0%         2d3       99%         4
 Petrify                  Tmut/Erth      0%         N/A       99%         4
 Lee's Rapid Deconstruct  Erth           0%         3d5*      100%        5
 Metabolic Englaciation   Hex/Ice        0%         N/A       100%        5
 Statue Form              Tmut/Erth      0%         N/A       100%        6
 Dragon Form              Tmut           0%         N/A       100%        7
 Summon Hydra             Summ           0%         N/A       100%        7
 Dragon's Call            Summ           0%         N/A       100%        9


Dungeon Overview and Level Annotations

Branches:
Dungeon (10/15)            Temple (1/1) D:7            Lair (0/6) D:10
    Orc: D:9-12

Altars:
Ashenzari
Cheibriados
Dithmenos
Elyvilon
Fedhas
Gozag
Hepliaklqana
Kikubaaqudgha
Makhleb
Nemelex Xobeh
Okawaru
Qazlal
Ru
Sif Muna
Trog
Uskayaw
Vehumet
Wu Jian
Xom
Yredelemnul
Zin
The Shining One

Shops:
D:8 (([(

Annotations:
D:10 1 runed translucent door


Innate Abilities, Weirdness & Mutations

You have very sharp fingernails.
You are partially covered in yellow scales. (AC +2)
You are partially covered in sharp spines.


Message History

The neqoxec is struck by your spines. The neqoxec closely misses you.
The kobold demonologist miscasts a cantrip.
The neqoxec gestures at you.
You feel dopey. Something feeds on your intellect!
The chaos spawn gibbers incoherently in a cacophony of voices.
The kobold brigand throws a poisoned dart.
The poisoned dart hits you!
You are poisoned.
You feel very sick. The smoke demon gestures at you.
The ball of steam hits the crimson imp.
The crimson imp resists.
The ball of steam hits you.
* * * LOW HITPOINT WARNING * * *
The neqoxec gestures at you.
You feel dopey. Something feeds on your intellect!
As you read the scroll of teleportation, it crumbles to dust.
You feel strangely unstable.
You are engulfed in a cloud of scalding steam.
* * * LOW HITPOINT WARNING * * *
You feel sick.
The kobold brigand throws a poisoned dart.
The poisoned dart hits you!
You are more poisoned.
The crimson imp blinks!
The crimson imp hits you but does no damage.
You feel yourself speed up.
Your surroundings suddenly seem different.
Splash!
You fall into the shallow water.
Moving in this stuff is going to be slow.
You feel very sick.
The electric eel shoots out a bolt of lightning at you!
The bolt of electricity hits the electric eel.
The electric eel completely resists.
The bolt of electricity hits you!
* * * LOW HITPOINT WARNING * * *
The electric eel shoots out a bolt of lightning at you!
The bolt of electricity hits you!
You die...

.......#.#.##### .≈.
.......'.......> ≈≈≈
.......#.#.##### ≈≈≈≈ #
########.#.######
≈≈.....................
#..###≈≈#####.#.######
...≈≈≈≈.....#.......
####≈≈≈≈≈≈############
#..≈≈@≈≈≈≈≈..
#.≈≈S≈≈≈≈≈≈≈.
#≈≈≈≈≈≈≈≈≈≈≈.
#≈≈≈≈≈≈≈≈≈≈≈.
#.S≈≈≈≈≈≈≈≈≈.
#.#≈≈≈≈≈≈≈≈###+#
#...≈≈≈≈≈≈...#.#
#.####....≈###.#.# .
♣.# #....# #.#.#


You could see 2 electric eels.

Vanquished Creatures
  A two-headed ogre (D:10)
  Pikel (D:5)
  A cyclops (D:7)
  A kobold demonologist (D:10)
  A shadow (D:10)
  Sigmund (D:2)
  3 wyverns
  2 steam dragons
  Eustachio (D:4)
  An acid dragon (D:9)
  4 water moccasins
  4 orc warriors
  2 sky beasts
  Purgy (D:4)
  An ice beast (D:5)
  2 black bears
  A phantom (D:6)
  3 centaurs (D:9)
  2 kobold brigands (D:10)
  A scorpion (D:5)
  A wyvern zombie (D:5)
  A water moccasin skeleton (D:5)
  A killer bee (D:5)
  4 wights (D:8)
  An electric eel (D:10)
  6 centaur zombies
  4 hounds
  2 bullfrog skeletons (D:5)
  3 orc priests
  Jessica (D:3)
  4 iguanas
  Ijyb (D:3)
  9 orc wizards
  A killer bee zombie (D:8)
  A hound skeleton (D:4)
  2 howler monkey zombies
  7 adders
  2 white imps
  3 worms
  2 dart slugs
  14 orcs
  4 ball pythons
  9 endoplasms
  2 giant cockroaches (D:3)
  7 hobgoblins
  4 quokkas
  4 bats
  2 frilled lizards
  5 goblins
  6 kobolds
  4 rats (D:1)
151 creatures vanquished.

Vanquished Creatures (others)
  2 orcs (D:8)
  A fungus (D:10)
  6 plants (D:10)
9 creatures vanquished.

Grand Total: 160 creatures vanquished

Notes
Turn   | Place    | Note
-------+----------+-------------------------------------------
     0 | D:1      | BR41ND34D the Demonspawn Berserker began the quest for the
                  | Orb.
     0 | D:1      | Reached XP level 1. HP: 18/18 MP: 1/1
   490 | D:1      | Found a faded altar of an unknown god.
   581 | D:1      | Gained mutation: You have sharp fingernails. [demonic
                  | ancestry]
   581 | D:1      | Reached XP level 2. HP: 24/24 MP: 2/2
   971 | D:2      | Noticed Sigmund
  1025 | D:2      | Killed Sigmund
  1026 | D:2      | Reached skill level 4 in Fighting
  1026 | D:2      | Reached XP level 3. HP: 21/31 MP: 3/3
  1026 | D:2      | Gained mutation: You are partially covered in yellow
                  | scales. (AC +2) [demonic ancestry]
  1026 | D:2      | Reached XP level 4. HP: 26/38 MP: 4/4
  1026 | D:2      | Gained mutation: You have very sharp fingernails. [demonic
                  | ancestry]
  1026 | D:2      | Reached XP level 5. HP: 29/43 MP: 5/5
  1455 | D:2      | Reached ** piety under Trog
  1735 | D:3      | Noticed a sky beast
  1751 | D:3      | Killed a sky beast
  1752 | D:3      | Gained mutation: You are partially covered in sharp spines.
                  | [demonic ancestry]
  1752 | D:3      | Reached XP level 6. HP: 50/50 MP: 6/6
  1923 | D:3      | Noticed Ijyb
  1931 | D:3      | Killed Ijyb
  1969 | D:3      | Got the Tome of Ensnaring Earth
  2202 | D:3      | Noticed Jessica
  2205 | D:3      | Killed Jessica
  2206 | D:3      | Reached skill level 5 in Fighting
  2408 | D:3      | Found a hazy altar of Hepliaklqana.
  2573 | D:4      | Noticed Eustachio
  2597 | D:4      | Killed Eustachio
  2598 | D:4      | Reached XP level 7. HP: 19/56 MP: 7/7
  2845 | D:4      | Noticed Purgy
  2859 | D:4      | Killed Purgy
  3406 | D:4      | Reached *** piety under Trog
  3407 | D:4      | Reached skill level 6 in Fighting
  3828 | D:5      | Entered Level 5 of the Dungeon
  3918 | D:5      | Reached XP level 8. HP: 65/65 MP: 8/8
  4034 | D:5      | Found a sacrificial altar of Ru.
  4187 | D:5      | Reached skill level 7 in Fighting
  4453 | D:5      | Noticed Pikel
  4463 | D:5      | Killed Pikel
  4464 | D:5      | Reached skill level 5 in Long Blades
  4704 | D:5      | Reached skill level 5 in Dodging
  5194 | D:6      | Reached skill level 8 in Fighting
  5194 | D:6      | Reached skill level 5 in Armour
  5194 | D:6      | Reached XP level 9. HP: 61/74 MP: 9/9
  5960 | D:7      | Found a staircase to the Ecumenical Temple.
  6061 | D:7      | Found a snail-covered altar of Cheibriados.
  6126 | D:7      | Noticed a cyclops
  6134 | D:7      | Killed a cyclops
  6135 | D:7      | Reached skill level 9 in Fighting
  6493 | Temple   | Entered the Ecumenical Temple
  6768 | D:8      | Found Unydwal's Weapon Boutique.
  6958 | D:8      | Found Bargh's Weapon Shop.
  7119 | D:8      | Found Nuruf's Armour Emporium.
  7302 | D:8      | Found Tashrust's Weapon Emporium.
  7636 | D:8      | Reached **** piety under Trog
  7702 | D:8      | Found a radiant altar of Vehumet.
  7710 | D:8      | Got Vehumet's Tome of Conjuration
  7712 | D:8      | Found an ancient bone altar of Kikubaaqudgha.
  7713 | D:8      | Found a shimmering blue altar of Sif Muna.
  7928 | D:9      | Reached XP level 10. HP: 82/84 MP: 8/10
  7982 | D:9      | Reached skill level 10 in Fighting
  8494 | D:10     | Entered Level 10 of the Dungeon
  8626 | D:10     | Found a staircase to the Lair.
  8687 | D:10     | Found a runed translucent door.
  8774 | D:10     | Noticed a two-headed ogre
  8785 | D:10     | Killed a two-headed ogre
  8803 | D:10     | Noticed a smoke demon
  8805 | D:10     | Noticed a sixfirhy
  8810 | D:10     | HP: 1/86 [electric eel/bolt of electricity (4)]
  8810 | D:10     | Killed from afar by an electric eel

Illustrated notes

Levels and vault maps discovered:
D:1:      amcnicky_arrival_double_pillar, layout_loops_cross,
          shapermc_ecumenical_altar_mp_highgroup
D:2:      layout_rooms, uniq_sigmund
D:3:      layout_loops_cross, nicolae_hepliaklqana_hippocampus, uniq_ijyb,
          uniq_jessica
D:4:      layout_layer_cave, uniq_purgy, uniq_eustachio
D:5:      layout_layer_cave, nicolae_ru_awakened_eye, st_stairs_11, uniq_pikel
D:6:      layout_cave_pods
D:7:      layout_rooms, mainiacjoe_overflow_catwalk_spiral,
          minmay_temple_entry_grid, minmay_misc_feat_five
D:8:      layout_layer_cave, grunt_temple_overflow_magic_moments, serial_shops,
          shop, kennysheep_mini, shop, shop
D:9:      layout_cave_pools
D:10:     layout_basic, lair_entry_dummy, ebering_ghost_funeral_grove,
          uniq_erica
Temple:   regret_index_temple_generic_petals

Skill      XL: |  1  2  3  4  5  6  7  8  9 10 |
---------------+-------------------------------+-----
Armour         | 2 3 4 5 6 7 |  7.0
Dodging        | 2 3 4 5 6 7 |  7.0
Fighting       | 4 5 6 8 9 10 | 10.9
Long Blades    | 3 4 5 6 7 |  7.3

Action                   |  1- 3 |  4- 6 |  7- 9 | 10-12 || total
-------------------------+-------+-------+-------+-------++-------
Melee: Falchion          |    69 |   127 |       |       ||   196
       Rapier            |       |       |   232 |   117 ||   349
Throw: Boomerang         |       |       |     3 |       ||     3
       Dart              |       |       |       |     3 ||     3
Invok: Berserk           |     2 |     5 |     7 |     3 ||    17
       Trog's Hand       |       |       |     1 |       ||     1
  Use: Potion            |       |       |     3 |       ||     3
       Scroll            |       |       |     7 |     1 ||     8
 Stab: Sleeping          |       |       |     1 |       ||     1
Armor: Chain mail        |    13 |    82 |    18 |       ||   113
       Animal skin       |     4 |       |       |       ||     4
       Troll leather arm |       |       |    60 |    65 ||   125
Dodge: Dodged            |    37 |    57 |   153 |   105 ||   352

Table legend: (Time is in decaauts)
 A = Elapsed time spent in this place.
 B = Non-inter-level travel time spent in this place.
 C = Inter-level travel time spent in this place.
 D = Time resting spent in this place.
 E = Time spent auto-exploring this place.
 F = Levels seen in this place.
 G = Mean time per level.
                   A        B        C        D        E       F      G
               +--------+--------+--------+--------+--------+-----+--------+
         Total |   9002 |   8608 |    394 |    932 |   6022 |  11 |  818.4 |
       Dungeon |   8749 |   8381 |    368 |    932 |   5819 |  10 |  874.9 |
        Temple |    253 |    227 |     26 |      0 |    203 |   1 |  253.0 |
               +--------+--------+--------+--------+--------+-----+--------+

Top non-repeatable levels by time:
     D:4: 1319 daAuts
     D:5: 1301 daAuts
     D:8: 1138 daAuts
     D:1: 997 daAuts
     D:3: 930 daAuts
     D:6: 781 daAuts
     D:2: 719 daAuts
     D:7: 640 daAuts
     D:9: 601 daAuts
    D:10: 320 daAuts
  Temple: 253 daAuts
